 Seeded DCSS version 0.24-a0-372-g9fa3ae0 (webtiles) character file.

Game seed: 2317110883861580144

1334723 Anathematize the Sorcerer (level 26, 209/209 HPs)
             Began as a Mummy Wizard on May 28, 2019.
             Was an Initiate of Gozag.
             Escaped with the Orb
             ... and 3 runes on May 30, 2019!
             The game lasted 10:15:19 (119123 turns).

Anathematize the Sorcerer (Mummy Wizard)          Turns: 119123, Time: 10:15:20

Health: 209/209    AC: 26    Str: 12    XL:     26   Next: 53%
Magic:  53/53      EV: 16    Int: 40    God:    Gozag
Gold:   1181       SH:  0    Dex: 15    Spells: 5/78 levels left

rFire    + + +     SeeInvis .   L - +9 great mace of Wyrd {elec, Fragile rF+ MR+ Int+3}
rCold    + + +     Gourm    .   (shield currently unavailable)
rNeg     + + +     Faith    .   K - +4 ring mail of Hagout {rF+ Regen+}
rPois    ∞         Spirit   .   l - +2 helmet
rElec    +         Reflect  .   X - +2 cloak {MR+}
rCorr    +         Harm     .   q - +0 pair of gloves "Weykk" {+Fly rElec Str-4 Int+8}
MR       +++++                  Q - +2 pair of boots
Stlth    +.........             w - amulet of magic regeneration
HPRegen  0.84/turn              g - ring of Ponkus {MR+ AC+5 Int+3}
MPRegen  0.58/turn              T - ring "Xuis" {Wiz rF+ rC+ Dex+2 Slay+2}

@: mighty, sluggish, resistant, flying, hasted, deflect missiles
A: no food or potions, fire vulnerability, cold resistance 1, negative energy
resistance 3, torment resistance, unbreathing, in touch with death 2
0: Orb of Zot
}: 3/15 runes: serpentine, barnacled, slimy
a: Potion Petition, Call Merchant, Bribe Branch, Renounce Religion, Stop Flying


You escaped.
You worshipped Gozag.
Gozag was most pleased with you.
You were not hungry.

You visited 12 branches of the dungeon, and saw 57 of its levels.
You visited 1 bazaar.
You also visited: Bailey and Volcano.

You collected 32339 gold pieces.
You spent 5140 gold pieces at shops.
You paid 26018 gold pieces to Gozag.

Inventory:

Hand Weapons
 L - the +9 great mace of Wyrd (weapon) {elec, Fragile rF+ MR+ Int+3}
   (You took it off a centaur warrior on level 15 of the Dungeon)

   Occasionally, upon striking a foe, it will discharge some electrical energy
   and cause terrible harm.
   It affects your intelligence (+3).
   It protects you from fire.
   It affects your resistance to hostile enchantments.
   It will be destroyed if unequipped.
 V - the +7 captain's cutlass {speed, disarm}
   (You found it on level 4 of the Shoals)

   Attacks with this weapon are significantly faster.
Missiles
 y - 11 curare-tipped darts (quivered)
 B - 86 poisoned darts
 F - 19 boomerangs of dispersal
Armour
 b - a +2 pair of gloves
 l - a +2 helmet (worn)
 q - the +0 pair of gloves "Weykk" (worn) {+Fly rElec Str-4 Int+8}
   (You acquired it on level 4 of the Vaults)

   It affects your strength (-4).
   It affects your intelligence (+8).
   It insulates you from electricity.
   It lets you fly.
 C - the +0 cloak "Bile" {rElec}
   (You found it on level 3 of the Depths)

   It insulates you from electricity.
 K - the +4 ring mail of Hagout (worn) {rF+ Regen+}
   (You found it on level 6 of the Lair of Beasts)

   It protects you from fire.
   It increases your rate of regeneration.
 N - a scarf of resistance
 Q - a +2 pair of boots (worn)
 X - a +2 cloak of magic resistance (worn)
Jewellery
 a - an uncursed ring of ice
 c - an uncursed ring of resist corrosion
 g - the ring of Ponkus (left hand) {MR+ AC+5 Int+3}
   (You found it on level 3 of the Elven Halls)

   [ring of protection]

   It affects your AC (+5).
   It affects your intelligence (+3).
   It affects your resistance to hostile enchantments.
 o - an uncursed amulet of the acrobat
 s - a +3 amulet of reflection
 w - an amulet of magic regeneration (around neck)
 z - an uncursed ring of see invisible
 E - an uncursed ring of fire
 H - the ring "Ruun" {Wiz Str+3 Dex+4}
   (You took it off a deep elf sorcerer on level 3 of the Elven Halls)

   [ring of wizardry]

   It improves your spell success rate.
   It affects your strength (+3).
   It affects your dexterity (+4).
 M - an uncursed ring of protection from fire
 P - the ring "Mytuoch" {MR- AC+5 Str+2 SInv}
   (You took it off a deep elf demonologist on level 3 of the Elven Halls)

   [ring of protection]

   It affects your AC (+5).
   It affects your strength (+2).
   It affects your resistance to hostile enchantments.
   It lets you see invisible.
 T - the ring "Xuis" (right hand) {Wiz rF+ rC+ Dex+2 Slay+2}
   (You found it on level 1 of the Elven Halls)

   [ring of wizardry]

   It improves your spell success rate.
   It affects your dexterity (+2).
   It affects your accuracy and damage with ranged weapons and melee attacks
   (+2).
   It protects you from fire.
   It protects you from cold.
 W - an uncursed ring of magical power
Wands
 e - a wand of acid (15)
 f - a wand of clouds (10)
 n - a wand of disintegration (9)
 t - a wand of random effects (87)
 v - a wand of flame (116)
 A - a wand of paralysis (57)
 G - a wand of polymorph (51)
 I - a wand of enslavement (18)
 S - a wand of iceblast (33)
Scrolls
 d - 8 scrolls of enchant armour
 h - a scroll of summoning
 i - 26 scrolls of remove curse
 j - 7 scrolls of magic mapping
 k - 10 scrolls of noise
 m - 7 scrolls of enchant weapon
 p - 15 scrolls of teleportation
 r - 11 scrolls of fog
 u - 7 scrolls of immolation
 x - 22 scrolls of identify
 D - 5 scrolls of vulnerability
 J - 5 scrolls of fear
 O - a scroll of amnesia
 R - 3 scrolls of blinking
 U - a scroll of silence


   Skills:
 + Level 17.4 Fighting
 - Level 15.0 Maces & Flails
 - Level 7.0 Armour
 + Level 9.8 Dodging
 - Level 1.5 Stealth
 * Level 26.9 Spellcasting
 - Level 15.0 Conjurations
 - Level 10.0 Hexes
 - Level 10.0 Charms
 - Level 10.0 Summonings
 - Level 10.0 Necromancy
 - Level 0.7 Translocations
 - Level 15.0 Fire Magic
 - Level 5.0 Air Magic


You had 5 spell levels left.
You knew the following spells:

 Your Spells              Type           Power        Failure   Level  Hunger
a - Orb of Destruction    Conj           ########..   1%          7    N/A
b - Ring of Flames        Chrm/Fire      ########..   1%          7    N/A
c - Borgnjor's Vile Clut  Necr/Erth      ########..   1%          5    N/A
d - Shadow Creatures      Summ           N/A          1%          6    N/A
e - Confuse               Hex            #######.     1%          3    N/A
f - Tukima's Dance        Hex            #######.     1%          3    N/A
g - Ignition              Fire           ########..   3%          8    N/A
h - Bolt of Fire          Conj/Fire      ########..   1%          6    N/A
i - Dispel Undead         Necr           ########     1%          5    N/A
k - Silence               Hex/Air        #######...   1%          5    N/A
l - Blink                 Tloc           N/A          1%          2    N/A
m - Deflect Missiles      Chrm/Air       #######...   1%          6    N/A
n - Swiftness             Chrm/Air       #######.     1%          2    N/A
p - Apportation           Tloc           ######       1%          1    N/A
v - Spellforged Servitor  Conj/Summ      ########..   1%          7    N/A

Your spell library contained the following spells:

 Spells                   Type           Power        Failure   Level  Hunger
 Animate Skeleton         Necr           N/A          0%          1    N/A
 Confusing Touch          Hex            ######       0%          1    N/A
 Corona                   Hex            #######      0%          1    N/A
 Flame Tongue             Conj/Fire      #####        0%          1    N/A
 Magic Dart               Conj           ####         0%          1    N/A
 Pain                     Necr           ####         0%          1    N/A
 Shock                    Conj/Air       ####         0%          1    N/A
 Summon Small Mammal      Summ           ####         0%          1    N/A
 Call Imp                 Summ           #######.     0%          2    N/A
 Corpse Rot               Necr           N/A          0%          2    N/A
 Searing Ray              Conj           ######       0%          2    N/A
 Slow                     Hex            #######.     0%          2    N/A
 Throw Flame              Conj/Fire      ######       0%          2    N/A
 Conjure Flame            Conj/Fire      ########     0%          3    N/A
 Dazzling Spray           Conj/Hex       ######       0%          3    N/A
 Inner Flame              Hex/Fire       ########     0%          3    N/A
 Iskenderun's Mystic Bla  Conj           ########     0%          4    N/A
 Sticky Flame             Conj/Fire      ########     0%          4    N/A
 Freeze                   Ice            ####         1%          1    N/A
 Sting                    Conj/Pois      ####         1%          1    N/A
 Ensorcelled Hibernation  Hex/Ice        ######       1%          2    N/A
 Poisonous Vapours        Pois/Air       ######       1%          2    N/A
 Sticks to Snakes         Tmut           ######..     1%          2    N/A
 Throw Frost              Conj/Ice       ######       1%          2    N/A
 Call Canine Familiar     Summ           #######.     1%          3    N/A
 Gell's Gravitas          Tloc           ######....   1%          3    N/A
 Ignite Poison            Fire/Tmut/Pois #######.     1%          3    N/A
 Mephitic Cloud           Conj/Pois/Air  #######.     1%          3    N/A
 Ozocubu's Armour         Chrm/Ice       #######.     1%          3    N/A
 Portal Projectile        Hex/Tloc       ######       1%          3    N/A
 Static Discharge         Conj/Air       #######.     1%          3    N/A
 Summon Guardian Golem    Hex/Summ       #######.     1%          3    N/A
 Vampiric Draining        Necr           ########..   1%          3    N/A
 Airstrike                Air            #######...   1%          4    N/A
 Animate Dead             Necr           N/A          1%          4    N/A
 Cause Fear               Hex            #######...   1%          4    N/A
 Force Lance              Conj/Tloc      #######.     1%          4    N/A
 Fulminant Prism          Conj/Hex       ########..   1%          4    N/A
 Leda's Liquefaction      Hex/Erth       #######...   1%          4    N/A
 Summon Ice Beast         Ice/Summ       #######.     1%          4    N/A
 Summon Lightning Spire   Summ/Air       #######.     1%          4    N/A
 Throw Icicle             Conj/Ice       #######.     1%          4    N/A
 Agony                    Necr           ########     1%          5    N/A
 Bolt of Draining         Conj/Necr      ########..   1%          5    N/A
 Bolt of Magma            Conj/Fire/Erth #######...   1%          5    N/A
 Excruciating Wounds      Chrm/Necr      ########..   1%          5    N/A
 Fireball                 Conj/Fire      ########..   1%          5    N/A
 Irradiate                Conj/Tmut      #######...   1%          5    N/A
 Iskenderun's Battlesphe  Conj/Chrm      ########     1%          5    N/A
 Lightning Bolt           Conj/Air       #######...   1%          5    N/A
 Metabolic Englaciation   Hex/Ice        #######...   1%          5    N/A
 Venom Bolt               Conj/Pois      #######...   1%          5    N/A
 Yara's Violent Unravell  Hex/Tmut       #######...   1%          5    N/A
 Olgreb's Toxic Radiance  Pois           ######..     2%          4    N/A
 Petrify                  Tmut/Erth      ######..     2%          4    N/A
 Conjure Ball Lightning   Conj/Air       #######...   1%          6    N/A
 Darkness                 Hex            #######...   1%          6    N/A
 Iron Shot                Conj/Erth      #######...   1%          6    N/A
 Poison Arrow             Conj/Pois      #######...   1%          6    N/A
 Monstrous Menagerie      Summ           #######...   3%          7    N/A
 Summon Greater Demon     Summ           #######...   3%          7    N/A
 Malign Gateway           Summ/Tloc      #######...   22%         7    N/A
 Dispersal                Tloc           ######....   26%         6    N/A
 Chain Lightning          Conj/Air       #######...   26%         8    N/A
 Discord                  Hex            #######...   26%         8    N/A
 Summon Horrible Things   Summ           #######...   26%         8    N/A
 Fire Storm               Conj/Fire      ########..   45%         9    N/A
 Lehudib's Crystal Spear  Conj/Erth      #######...   56%         8    N/A
 Controlled Blink         Tloc           N/A          100%        8    N/A
 Disjunction              Tloc           ######....   100%        8    N/A
 Glaciate                 Conj/Ice       #######...   100%        9    N/A
 Tornado                  Air            #######...   100%        9    N/A
 Sublimation of Blood     Necr           Unusable     N/A         2    N/A
 Beastly Appendage        Tmut           Unusable     N/A         1    N/A
 Regeneration             Chrm/Necr      Unusable     N/A         3    N/A
 Spider Form              Tmut/Pois      Unusable     N/A         3    N/A
 Ice Form                 Ice/Tmut       Unusable     N/A         4    N/A
 Blade Hands              Tmut           Unusable     N/A         5    N/A
 Hydra Form               Tmut           Unusable     N/A         6    N/A
 Statue Form              Tmut/Erth      Unusable     N/A         6    N/A
 Dragon Form              Tmut           Unusable     N/A         7    N/A

Dungeon Overview and Level Annotations

Branches:
Dungeon (15/15)            Temple (1/1) D:5            Lair (6/6) D:10
 Shoals (4/4) Lair:3        Snake (4/4) Lair:4        Slime (5/5) Lair:5
    Orc (2/2) D:9             Elf (3/3) Orc:2        Vaults (4/5) D:13
  Crypt (3/3) Vaults:2       Tomb (0/3) Crypt:3      Depths (5/5) D:15
    Zot (5/5) Depths:5

Altars:
Ashenzari
Cheibriados
Dithmenos
Elyvilon
Fedhas
Gozag
Hepliaklqana
Kikubaaqudgha
Makhleb
Nemelex Xobeh
Okawaru
Qazlal
Ru
Sif Muna
Trog
Uskayaw
Vehumet
Wu Jian
Xom
Yredelemnul
Zin
The Shining One
Beogh
Jiyva

Shops:
D:11 }   Orc:2 %%=*(   Shoals:2 =}   Shoals:4 ?   Snake:2 *?!(   Snake:3 *
Vaults:1 (!%?   Vaults:2 !   Vaults:4 [   Depths:2 !

Portals:
Hell: Depths:1 Depths:2 Depths:3 Depths:4 Depths:5
Abyss: Depths:2 Depths:3 Depths:4 Depths:5
Pandemonium: Depths:3
Ziggurat: Depths:1
Trove: Depths:5 (give +6 ice dragon scales)

Annotations:
D:1 exclusion: downstairs
D:4 exclusion: upstairs
D:7 exclusion: 2 downstairs
D:8 exclusion: downstairs, Grum
D:9 exclusion: downstairs
D:12 exclusion: downstairs
D:14 exclusion: downstairs
Lair:5 exclusion: downstairs
Lair:6 1 exclusion
Shoals:2 exclusion: downstairs
Snake:1 exclusion: Roxanne, Roxanne
Snake:2 exclusion: downstairs
Slime:1 2 exclusions
Slime:3 exclusion: downstairs
Elf:3 2 exclusions
Depths:2 1 runed translucent door, exclusion: door, xzight's ghost, legendary MiBe
Depths:3 exclusion: downstairs
Zot:1 2 transporters, exclusion: downstairs
Zot:3 Tiamat


Innate Abilities, Weirdness & Mutations

You do not eat or drink.
Your flesh is vulnerable to fire.
You are immune to poison.
Your flesh is cold resistant. (rC+)
You are immune to negative energy. (rN+++)
You are immune to unholy pain and torment.
You can survive without breathing.
You are strongly in touch with the powers of death.


Message History

Level annotation: exclusion: downstairs
There is a stone staircase leading down here.
Casting: Orb of Destruction (safe; 1% risk of failure)
Confirm with . or Enter, or press ? or * to list all spells.
You feel quick. [a] - 875 gold - resistance, might, haste, curing and magic [b] - 493 gold - resistance, flight and agility [c] - 300 gold - flight, agility and invisibility Purchase which effect?
You feel protected.
You feel very mighty all of a sudden.
You feel yourself speed up.
You feel better. Magic courses through your body.
A rakshasa comes into view. It is wielding a +0 long sword.
The rakshasa blinks!
Okay, then.
You start to feel a little slower.
You feel very buoyant.
You fly up into the air.
You feel sluggish.
There is a staircase leading out of the dungeon here.
You have escaped!

....####...#≈##≈≈≈≈≈≈≈≈≈≈###
..........##≈#≈≈≈≈≈≈≈≈≈≈.#
####......###≈≈≈≈≈≈......#
##.....###≈≈#.........#
#....###≈≈≈#.........#
#....# #≈≈≈#.........#
###### #≈≈≈'.........#
##≈≈#.........#
##≈#@.......># #############


There were no monsters in sight!

Vanquished Creatures
  the Royal Jelly (Slime:5)
  Dissolution (Slime:2)
  An ancient lich (Crypt:3)
  2 juggernauts (Depths:5)
  Bai Suzhen (Shoals:3)
  Frederick (Crypt:2)
  A curse toe (Zot:2)
  2 caustic shrikes
  the Enchantress (Depths:3)
  8 golden dragons
  4 bone dragons
  2 electric golems
  5 liches
  Jorgrun (Elf:1)
  A Brimstone Fiend (D:7)
  10 tentacled monstrosities
  Rupert (Lair:3)
  2 Orb Guardians
  Asterion (Depths:3)
  A deep elf master archer (Elf:3)
  4 quicksilver dragons
  6 death cobs
  2 deep elf blademasters (Elf:3)
  7 acid blobs
  8 shadow dragons
  Frances (D:13)
  Kirke (D:12)
  2 sphinxes (Depths:4)
  2 draconian monks (Zot:2)
  A revenant (Crypt:2)
  13 storm dragons
  9 nagarajas
  7 tengu reavers
  11 fire giants
  Aizul (Elf:3)
  9 deep elf sorcerers
  7 frost giants
  8 vault wardens
  13 azure jellies
  A frost giant (shapeshifter) (D:12)
  A ghost moth (Zot:5)
  2 balrugs
  3 draconian scorchers
  An emperor scorpion (Depths:3)
  2 curse skulls
  6 draconian shifters
  4 spriggan defenders (Depths:3)
  3 draconian stormcallers
  4 deep elf elementalists (Elf:3)
  14 ironheart preservers
  6 draconian annihilators
  7 ghouls
  11 stone giants
  6 caustic shrike skeletons (Depths:3)
  5 war gargoyles
  11 very ugly things
  10 deep elf demonologists
  5 green draconians
  5 vampire knights
  4 yellow draconians
  Nessos (D:12)
  5 black draconians
  3 red draconians
  4 spark wasps (Depths:4)
  The ghost of Pios Xaciraj the Destroyer, a journeyman DgWz (D:14)
  6 white draconians
  9 purple draconians
  2 eidola (Crypt:2)
  7 deep elf annihilators
  3 crystal guardians (Crypt:3)
  4 deep elf death magi
  9 death oozes (Slime:5)
  6 merfolk impalers
  3 merfolk javelineers (Shoals:4)
  Josephine (Orc:1)
  6 ettins
  7 fire dragons
  Fannar (D:12)
  2 deep elf high priests (Elf:3)
  3 jiangshi (Crypt:1)
  5 great orbs of eyes
  8 ice dragons
  9 yaktaur captains
  8 centaur warriors
  9 hydras
  5 rakshasas
  A quicksilver dragon skeleton (Crypt:3)
  Harold (Orc:1)
  2 catoblepae
  11 ogre magi
  14 naga warriors
  3 death knights
  5 alligator snapping turtles
  7 spriggan air magi
  6 merfolk avatars
  4 vault guards
  Erica (D:8)
  A satyr (Shoals:4)
  12 anacondas
  17 two-headed ogres
  5 merfolk aquamancers
  6 death yaks (Depths:3)
  10 deep troll shamans
  7 deep troll earth magi
  A tengu warrior (Depths:4)
  2 orc high priests (Orc:2)
  11 naga sharpshooters
  8 spriggan berserkers
  2 vampire magi
  11 shock serpents
  A soul eater (Crypt:2)
  26 deep elf knights
  Urug (D:9)
  Sonja (Lair:1)
  2 sun demons (Depths:1)
  2 salamander mystics
  A golden dragon zombie (Depths:2)
  5 iron trolls
  2 shadow wraiths
  21 deep trolls
  19 skeletal warriors
  7 hell knights
  A sixfirhy (Zot:5)
  A fire crab (Elf:1)
  An iron giant zombie (Crypt:1)
  A glowing orange brain (Slime:2)
  A storm dragon skeleton (Crypt:3)
  7 spriggan druids (Depths:3)
  2 tengu zombies
  6 naga ritualists
  2 flayed ghosts
  21 sea snakes
  2 lindwurms (Elf:1)
  5 wizards
  4 unseen horrors
  16 deep elf archers
  8 ironbrand convokers
  2 golden dragon skeletons
  6 phantasmal warriors
  8 orc knights
  An anaconda skeleton (Crypt:3)
  12 necromancers
  2 wolf spider zombies
  A stone giant zombie (Depths:2)
  10 harpies
  12 mana vipers
  61 deep elf magi
  3 wolf spiders
  A faun (Shoals:2)
  21 ugly things
  13 manticores
  2 orc sorcerers (Orc:2)
  13 cyclopes
  9 salamanders
  A human skeleton (Vaults:4)
  6 shining eyes
  5 water nymphs
  4 merfolk sirens
  11 guardian serpents
  24 moths of wrath
  5 elephants (Lair:6)
  Joseph (D:8)
  A frost giant zombie (Crypt:3)
  A guardian serpent (shapeshifter) (D:13)
  An elephant (shapeshifter) (Vaults:2)
  33 black mambas
  3 vault sentinels
  25 spiny frogs
  7 centaur zombies
  8 naga magi
  A death yak zombie (Crypt:1)
  An alligator snapping turtle zombie (Crypt:1)
  An elephant slug zombie (Crypt:2)
  2 molten gargoyles (Elf:1)
  4 gargoyles
  2 hellions
  A rime drake (shapeshifter) (Vaults:4)
  4 rime drakes
  A komodo dragon (shapeshifter) (Vaults:4)
  A yaktaur (shapeshifter) (Vaults:2)
  An efreet (Zot:3)
  28 yaktaurs
  10 freezing wraiths
  7 komodo dragons
  10 tengu conjurers
  A hellwing (Depths:4)
  11 merfolk
  A polar bear (Lair:5)
  2 queen bees (shapeshifter) (Vaults:3)
  A hydra zombie (Crypt:2)
  A meliai (shapeshifter) (Depths:5)
  A merfolk (shapeshifter) (Vaults:3)
  3 meliai (D:14)
  2 hornets (shapeshifter)
  4 tyrant leeches (Lair:6)
  17 hornets
  5 trolls
  A guardian serpent zombie (Crypt:2)
  70 slime creatures
  8 snapping turtles
  7 wind drakes
  A harpy skeleton (Crypt:1)
  8 hippogriffs
  A fire dragon zombie (Crypt:3)
  2 black mamba zombies (Crypt:2)
  19 blink frogs
  4 bog bodies
  10 dream sheep
  3 air elementals (Elf:3)
  A frost giant simulacrum (Depths:2)
  An ice dragon zombie (Crypt:3)
  A spriggan (shapeshifter) (D:12)
  A wyvern (shapeshifter) (D:13)
  27 flying skulls
  An ice dragon skeleton (Crypt:3)
  A wyvern (D:13)
  9 water elementals
  3 shadows
  43 spriggans
  7 dancing weapons
  37 yaks
  4 basilisks
  A black mamba skeleton (Crypt:3)
  Sigmund (D:5)
  9 golden eyes
  A hog (shapeshifter) (Vaults:1)
  4 hungry ghosts
  10 wraiths
  A hog (D:12)
  A steam dragon (Shoals:4)
  5 fire elementals
  8 vampire mosquitoes
  5 large abominations (Elf:3)
  46 nagas
  6 wargs
  A torturous demonspawn zombie (Crypt:2)
  Edmund (D:4)
  16 water moccasins
  A floating eye (Depths:5)
  7 porcupines
  A hell hound (Depths:4)
  8 small abominations
  5 acid dragons
  A floating eye (shapeshifter) (Vaults:4)
  A merfolk skeleton (Crypt:3)
  5 ice beasts
  A deep troll skeleton (Crypt:1)
  23 ogres
  25 orc warriors
  5 eyes of draining
  An eye of draining (shapeshifter) (D:12)
  A manticore zombie (Crypt:2)
  3 black bears
  An elf zombie (Vaults:4)
  4 sky beasts
  6 necrophages
  An ogre (shapeshifter) (Depths:5)
  10 boggarts
  5 wolves
  16 centaurs
  15 crocodiles
  2 snapping turtle skeletons
  A big kobold (shapeshifter) (D:15)
  2 big kobolds
  A hippogriff zombie (Crypt:2)
  36 bullfrogs
  An earth elemental (Elf:2)
  A wyvern zombie (D:13)
  6 scorpions
  A wyvern skeleton (D:10)
  A raiju zombie (Crypt:2)
  11 killer bees
  13 wights
  7 electric eels
  6 crimson imps
  8 hounds
  A lava snake (Elf:1)
  5 jellies
  4 bullfrog zombies
  34 orc priests
  43 orc wizards
  A bullfrog skeleton (D:10)
  4 centaur skeletons
  7 worker ants
  A porcupine zombie (Crypt:1)
  2 yak simulacra (Lair:4)
  3 polar bear simulacra (Lair:4)
  A porcupine skeleton (Crypt:1)
  2 wolf simulacra (Lair:4)
  A felid skeleton (Crypt:2)
  2 hound zombies
  2 hound skeletons
  3 worker ant zombies
  13 adders
  2 shadow imps
  2 oozes
  An adder zombie (D:8)
  An iguana skeleton (Crypt:1)
  5 worms
  A worm (shapeshifter) (Depths:1)
  A barachi zombie (Crypt:1)
  A dart slug (D:2)
  6 leopard geckos
  109 orcs
  9 bats
  4 giant cockroaches
  2 hobgoblins (D:2)
  5 quokkas
  2 ball pythons
  11 frilled lizards
  7 goblins
  13 kobolds
  A leopard gecko skeleton (D:6)
  4 rats
  4 river rat simulacra (Lair:4)
  2 bushes (Depths:3)
  8 plants
2106 creatures vanquished.

Vanquished Creatures (collateral kills)
  2 pandemonium lords (Zot:5)
  A caustic shrike (Depths:3)
  2 electric golems
  2 tentacled monstrosities (Zot:3)
  2 titans (Zot:2)
  11 Orb Guardians (Zot:5)
  8 acid blobs
  5 quicksilver dragons
  4 azure jellies
  5 storm dragons
  2 shadow dragons
  A draconian monk (Zot:1)
  A fire giant (Depths:5)
  A draconian knight (Zot:1)
  A frost giant (Depths:4)
  A vault warden (Vaults:3)
  A cacodemon (Zot:5)
  A ghost moth (Zot:5)
  3 ironheart preservers
  A draconian annihilator (Zot:4)
  2 draconian shifters
  A stone giant (Zot:2)
  3 green draconians
  4 black draconians
  7 purple draconians
  3 red draconians
  3 yellow draconians
  3 white draconians (Zot:1)
  A merfolk impaler (Shoals:4)
  A death ooze (Slime:4)
  5 ettins
  6 great orbs of eyes
  A vault guard (Vaults:2)
  22 two-headed ogres
  An ogre mage (Depths:2)
  3 orc high priests (Orc:2)
  5 tengu warriors
  4 hell knights
  An iron troll (Zot:2)
  A glowing orange brain (Slime:5)
  A deep troll (Zot:2)
  2 orc knights
  3 salamanders
  A cyclops (D:14)
  3 shining eyes
  8 moths of wrath
  2 naga magi (Snake:1)
  2 efreet (Zot:2)
  An ice devil (Zot:5)
  5 merfolk
  43 slime creatures
  A troll (Zot:2)
  2 ynoxinuls (Zot:4)
  A wraith (D:14)
  3 golden eyes
  8 nagas
  5 orc warriors
  9 ogres
  An eye of draining (Slime:4)
  A boggart (Depths:1)
  3 orc priests (Orc:2)
  9 orcs
246 creatures vanquished.

Vanquished Creatures (others)
  An ancient lich (Zot:5)
  An orb of fire (Zot:5)
  3 Killer Klowns
  A curse toe (Zot:5)
  2 tentacled monstrosities
  8 Orb Guardians (Zot:5)
  A quicksilver dragon (Zot:4)
  2 storm dragons (Zot:3)
  3 draconian monks
  A fire giant (Zot:2)
  4 frost giants (Zot:2)
  2 draconian shifters (Zot:3)
  3 draconian stormcallers (Zot:3)
  A draconian annihilator (Zot:3)
  A stone giant (Zot:2)
  3 black draconians
  4 green draconians
  2 red draconians (Zot:3)
  2 purple draconians
  2 white draconians
  3 yellow draconians
  A centaur warrior (Vaults:1)
  2 two-headed ogres (Zot:2)
  A deep elf knight (Elf:1)
  2 iron trolls (Zot:2)
  2 deep trolls (Zot:2)
  2 cyclopes
  7 moths of wrath
  A yaktaur (Vaults:2)
  A merfolk (Shoals:1)
  82 dancing weapons
  A golden eye (Slime:2)
  A centaur (D:14)
  A bush (Lair:6)
  21 fungi
  91 plants
  2 withered plants (Depths:2)
268 creatures vanquished.

Grand Total: 2620 creatures vanquished

Notes
Turn   | Place    | Note
-------+----------+-------------------------------------------
     0 | D:1      | Anathematize the Mummy Wizard began the quest for the Orb.
     0 | D:1      | Reached XP level 1. HP: 13/13 MP: 5/5
   118 | D:1      | Reached skill level 1 in Conjurations
   382 | D:1      | Reached XP level 2. HP: 20/20 MP: 4/7
   924 | D:2      | Reached skill level 1 in Fighting
   924 | D:2      | Reached XP level 3. HP: 26/26 MP: 2/8
  1165 | D:2      | Learned a level 3 spell: Mephitic Cloud
  1169 | D:2      | Learned a level 3 spell: Conjure Flame
  1189 | D:2      | Learned a level 2 spell: Blink
  2270 | D:3      | Reached XP level 4. HP: 32/32 MP: 5/10
  3139 | D:3      | Found a faded altar of an unknown god.
  3596 | D:4      | Noticed an ogre
  3606 | D:4      | Killed an ogre
  3606 | D:4      | Reached skill level 5 in Spellcasting
  3606 | D:4      | Reached XP level 5. HP: 39/39 MP: 1/12
  3919 | D:4      | Noticed an ogre
  4004 | D:3      | Found a radiant altar of Vehumet.
  4064 | D:4      | Killed an ogre
  4064 | D:4      | Reached XP level 6. HP: 41/46 MP: 0/13
  4242 | D:4      | Found a white marble altar of Elyvilon.
  4268 | D:4      | Noticed Edmund
  4946 | D:4      | Killed Edmund
  4946 | D:4      | Reached XP level 7. HP: 55/55 MP: 1/14
  5194 | D:5      | Entered Level 5 of the Dungeon
  5431 | D:5      | Reached skill level 1 in Maces & Flails
  5741 | D:5      | Reached skill level 6 in Spellcasting
  6058 | D:5      | Reached skill level 5 in Fighting
  6533 | D:5      | Noticed Sigmund
  6564 | D:5      | Killed Sigmund
  6564 | D:5      | Reached skill level 7 in Spellcasting
  6564 | D:5      | Reached XP level 8. HP: 63/63 MP: 12/18
  7034 | D:5      | Found a staircase to the Ecumenical Temple.
  7046 | Temple   | Entered the Ecumenical Temple
  7086 | Temple   | Became a worshipper of Gozag Ym Sagoz the Greedy
  7355 | D:6      | Reached skill level 8 in Spellcasting
  8375 | D:7      | Reached skill level 9 in Spellcasting
  8735 | D:7      | Reached XP level 9. HP: 71/71 MP: 15/22
  9190 | D:8      | Noticed Erica
  9635 | D:8      | Noticed Joseph
  9644 | D:9      | Found a staircase to the Orcish Mines.
  9850 | D:8      | Killed Joseph
  9850 | D:8      | Reached skill level 10 in Spellcasting
 10700 | D:8      | Noticed Grum
 10784 | D:8      | Killed Erica
 10784 | D:8      | Reached skill level 5 in Conjurations
 11034 | D:8      | Reached skill level 5 in Maces & Flails
 11127 | D:8      | Noticed a skeletal warrior
 11205 | D:8      | Reached XP level 10. HP: 70/80 MP: 21/24
 11690 | D:9      | Found a roughly hewn altar of Beogh.
 12280 | D:10     | Entered Level 10 of the Dungeon
 12284 | D:10     | Noticed a two-headed ogre
 12998 | D:10     | Reached skill level 11 in Spellcasting
 13040 | D:10     | Learned a level 3 spell: Vampiric Draining
 13387 | D:10     | Noticed a gargoyle
 13849 | D:10     | You fall into a shaft and drop 1 floor!
 13959 | D:11     | Found a flagged portal.
 14015 | D:11     | Noticed a manticore
 14025 | Bailey   | Entered a bailey
 14032 | Bailey   | Noticed a deep elf mage
 14036 | Bailey   | Noticed a deep elf mage
 14041 | Bailey   | Noticed a deep elf mage
 14044 | Bailey   | Noticed a deep elf mage
 14055 | D:11     | Killed a deep elf mage
 14055 | D:11     | Reached skill level 12 in Spellcasting
 14452 | D:10     | Killed a two-headed ogre
 14452 | D:10     | Reached XP level 11. HP: 89/89 MP: 13/27
 14543 | D:10     | Found a staircase to the Lair.
 14979 | Lair:1   | Entered Level 1 of the Lair of Beasts
 15054 | Lair:1   | Reached skill level 1 in Necromancy
 15274 | Lair:1   | Learned a level 3 spell: Ignite Poison
 15629 | Lair:1   | Noticed Sonja
 15642 | Lair:1   | Killed Sonja
 15796 | Lair:2   | Learned a level 3 spell: Confuse
 15800 | Lair:2   | Learned a level 3 spell: Tukima's Dance
 16029 | Lair:2   | Found a dark tunnel.
 16035 | Volcano  | Entered a volcano
 16075 | Lair:2   | Reached skill level 10 in Fighting
 16077 | Lair:2   | Noticed a catoblepas
 16089 | Lair:2   | Killed a catoblepas
 16421 | Lair:2   | Reached skill level 1 in Hexes
 16421 | Lair:2   | Reached skill level 1 in Fire Magic
 16601 | Lair:2   | Learned a level 5 spell: Fireball
 17529 | Lair:3   | Noticed Rupert
 17851 | D:11     | Reached XP level 12. HP: 77/98 MP: 23/28
 18485 | D:11     | Found Hiaphy Raog's Gadget Shoppe.
 18829 | D:12     | Noticed Fannar
 18835 | D:12     | Killed Fannar
 19263 | D:12     | Noticed a two-headed ogre
 19278 | D:12     | Killed a two-headed ogre
 19326 | D:12     | Found an iron altar of Okawaru.
 19616 | D:12     | Noticed a seven-headed hydra
 19625 | D:12     | Killed a seven-headed hydra
 19625 | D:12     | Reached skill level 5 in Hexes
 19759 | D:12     | Found a sparkling altar of Nemelex Xobeh.
 20456 | D:13     | Noticed Frances
 20456 | D:13     | Noticed Nessos
 20467 | D:12     | Killed Nessos
 20540 | Orc:1    | Entered Level 1 of the Orcish Mines
 20710 | Lair:3   | Reached skill level 5 in Fire Magic
 21297 | Lair:4   | Noticed a seven-headed hydra
 21305 | Lair:4   | Killed a seven-headed hydra
 21564 | Lair:4   | Found a staircase to the Snake Pit.
 22305 | Lair:4   | Gained mutation: You are in touch with the powers of death.
                  | [Mummy growth]
 22305 | Lair:4   | Reached XP level 13. HP: 96/106 MP: 7/29
 22401 | Lair:4   | Learned a level 6 spell: Bolt of Fire
 23109 | Lair:5   | Found a staircase to the Slime Pits.
 23110 | Lair:5   | Found a viscous altar of Jiyva.
 23810 | Lair:6   | Entered Level 6 of the Lair of Beasts
 25594 | Lair:5   | Reached skill level 5 in Necromancy
 27538 | Lair:6   | Reached XP level 14. HP: 107/115 MP: 16/30
 28056 | Lair:6   | Got a transparent lapis lazuli ring
 28057 | Lair:6   | Identified the cursed ring "Wetulaq" {Dex+2 Slay-2} (You
                  | found it on level 6 of the Lair of Beasts)
 28064 | Lair:6   | Identified the +4 ring mail of Hagout {rF+ Regen+} (You
                  | found it on level 6 of the Lair of Beasts)
 28081 | Lair:6   | Learned a level 1 spell: Confusing Touch
 29056 | D:13     | Identified a scroll of acquirement
 29154 | D:12     | Reached skill level 1 in Armour
 29347 | D:12     | Noticed an emperor scorpion
 29379 | D:12     | Noticed a fire giant
 29393 | D:12     | Noticed a fire giant
 29394 | D:12     | Noticed a frost giant
 29394 | D:12     | a fire giant changed into a frost giant
 29469 | D:12     | Noticed a shadow dragon
 29469 | D:12     | an iron troll changed into a shadow dragon
 29470 | D:12     | Noticed a frost giant
 29470 | D:12     | a shadow dragon changed into a frost giant
 29477 | D:12     | Killed a frost giant
 29645 | D:13     | Killed Frances
 29951 | D:13     | Found a gate to the Vaults.
 30128 | D:13     | Reached skill level 10 in Maces & Flails
 30589 | D:13     | Noticed Kirke
 30708 | D:12     | Killed Kirke
 30708 | D:12     | Reached skill level 13 in Spellcasting
 30997 | D:14     | Found a large runed translucent door.
 30998 | D:14     | Found a large runed translucent door.
 31001 | D:14     | Noticed Pios Xaciraj's ghost (journeyman DgWz)
 31373 | D:14     | Learned a level 4 spell: Sticky Flame
 31494 | D:14     | Found an opulent altar of Gozag.
 31723 | D:14     | Reached skill level 14 in Spellcasting
 32253 | D:14     | Killed Pios Xaciraj's ghost
 32303 | D:15     | Entered Level 15 of the Dungeon
 32961 | D:15     | Noticed a fire giant
 32973 | D:15     | Identified the +9 great mace of Wyrd {elec, Fragile rF+ MR+
                  | Int+3}
 33322 | D:14     | Reached XP level 15. HP: 81/120 MP: 18/33
 33435 | D:14     | Learned a level 4 spell: Throw Icicle
 33796 | D:15     | Killed a fire giant
 33966 | D:15     | Found a staircase to the Depths.
 34569 | D:9      | Reached skill level 5 in Armour
 34824 | Orc:1    | Found a radiant altar of Vehumet.
 34927 | Orc:1    | Noticed Harold
 34933 | Orc:1    | Noticed Urug
 35128 | D:9      | Killed Urug
 35299 | Orc:1    | Killed Harold
 35299 | Orc:1    | Reached skill level 10 in Conjurations
 35358 | Orc:1    | Noticed Josephine
 35365 | Orc:1    | Killed Josephine
 35745 | Orc:2    | Entered Level 2 of the Orcish Mines
 35745 | Orc:2    | Found a staircase to the Elven Halls.
 38073 | Orc:2    | Found Naot's Food Emporium.
 38073 | Orc:2    | Found Hogyutuf's Food Emporium.
 38079 | Orc:2    | Found Wais's Assorted Antiques.
 38079 | Orc:2    | Found Ysusuz's Jewellery Shoppe.
 38487 | Orc:2    | Found Nasun's Weapon Emporium.
 38842 | Lair:3   | Killed Rupert
 39036 | Lair:3   | Found a staircase to the Shoals.
 39806 | Snake:1  | Entered Level 1 of the Snake Pit
 40690 | Snake:1  | Reached skill level 10 in Fire Magic
 40812 | Snake:1  | Identified Roxanne's Tome of Clay
 40812 | Snake:1  | Noticed Roxanne
 42274 | Snake:2  | Found Ucus's Distillery.
 42274 | Snake:2  | Found Ilahucax's Magic Scroll Boutique.
 42275 | Snake:2  | Found Ycziumno's General Store.
 42342 | Snake:2  | Found Soegaja's Weapon Shop.
 42445 | Snake:2  | Noticed a nagaraja
 42455 | Snake:2  | Killed a nagaraja
 42455 | Snake:2  | Reached XP level 16. HP: 95/128 MP: 4/34
 43311 | Snake:2  | Reached skill level 15 in Spellcasting
 44068 | Shoals:1 | Entered Level 1 of the Shoals
 45997 | Shoals:2 | Found Feufapl Uluz's Gadget Shoppe.
 48254 | Snake:3  | Reached skill level 16 in Spellcasting
 48927 | Snake:3  | Found Cite's Commerce Corner.
 48938 | Snake:3  | Bought a manual of Conjurations for 1435 gold pieces
 48938 | Snake:3  | Bought a book of Cantrips for 260 gold pieces
 48940 | Snake:3  | Learned a level 1 spell: Apportation
 49121 | Snake:3  | Learned a level 7 spell: Orb of Destruction
 50153 | Snake:4  | Entered Level 4 of the Snake Pit
 50329 | Snake:4  | Reached skill level 5 in Dodging
 52233 | Snake:4  | Reached XP level 17. HP: 136/136 MP: 24/37
 55514 | Snake:4  | Got a serpentine rune of Zot
 56535 | Shoals:2 | Found Hugyecuf's Jewellery Boutique.
 56559 | Shoals:2 | Bought an uncursed ring of see invisible for 210 gold
                  | pieces
 57254 | Shoals:3 | Noticed Bai Suzhen
 57354 | Shoals:3 | Killed Bai Suzhen
 57354 | Shoals:3 | Reached skill level 15 in Conjurations
 58652 | Vaults:1 | Entered Level 1 of the Vaults
 58685 | Vaults:1 | Found Zadash's Antique Weapon Shop.
 58716 | Vaults:1 | Found Niklafap's Distillery.
 58721 | Vaults:1 | Found Bunixaev's Magic Scroll Emporium.
 58732 | Vaults:1 | Found Kouc's Food Shop.
 58790 | Vaults:1 | Found a flickering gateway to a bazaar.
 58811 | Bazaar   | Entered a bazaar
 58817 | Bazaar   | Found Qoun Guf's Book Emporium.
 58834 | Bazaar   | Found Xasoiril's Magic Scroll Shop.
 58840 | Bazaar   | Found Zuheud's Magic Scroll Emporium.
 58842 | Bazaar   | Bought a scroll of magic mapping for 59 gold pieces
 58842 | Bazaar   | Bought a scroll of fog for 34 gold pieces
 58842 | Bazaar   | Bought a scroll of teleportation for 51 gold pieces
 58849 | Bazaar   | Bought a scroll of fog for 24 gold pieces
 58853 | Bazaar   | Found Yshait's Magic Scroll Boutique.
 58860 | Bazaar   | Bought a scroll of teleportation for 39 gold pieces
 58860 | Bazaar   | Bought a scroll of teleportation for 39 gold pieces
 58860 | Bazaar   | Bought a scroll of magic mapping for 45 gold pieces
 58872 | Bazaar   | Bought a scroll of blinking for 90 gold pieces
 58880 | Bazaar   | Bought a scroll of summoning for 161 gold pieces
 58897 | Bazaar   | Bought a book of Enchantments for 900 gold pieces
 58897 | Bazaar   | Bought a book of Death for 1260 gold pieces
 58906 | Bazaar   | Learned a level 5 spell: Dispel Undead
 58936 | Bazaar   | Bought a scroll of amnesia for 42 gold pieces
 59951 | Vaults:1 | Reached XP level 18. HP: 143/143 MP: 16/38
 62460 | Vaults:2 | Reached skill level 10 in Hexes
 63720 | Vaults:2 | Found a staircase to the Crypt.
 63720 | Vaults:2 | Found a basalt altar of Yredelemnul.
 63720 | Vaults:2 | Found an ancient bone altar of Kikubaaqudgha.
 64475 | Vaults:2 | Learned a level 6 spell: Deflect Missiles
 64955 | Vaults:2 | Found Laib's Distillery.
 66450 | Vaults:2 | Reached skill level 10 in Necromancy
 66712 | Vaults:2 | Reached skill level 1 in Charms
 66948 | Vaults:2 | Reached skill level 1 in Air Magic
 68577 | Shoals:2 | Bought an uncursed ring of wizardry for 420 gold pieces
 68596 | Shoals:4 | Entered Level 4 of the Shoals
 70080 | Vaults:3 | Reached XP level 19. HP: 149/149 MP: 13/39
 70335 | Vaults:3 | Learned a level 5 spell: Silence
 71394 | Vaults:3 | Reached skill level 5 in Charms
 71767 | Vaults:3 | Reached skill level 5 in Air Magic
 75508 | Vaults:4 | Found Wibook's Armour Shoppe.
 75979 | Vaults:4 | Identified the +0 pair of gloves "Weykk" {+Fly rElec Str-4
                  | Int+8} (You acquired it on level 4 of the Vaults)
 76650 | Vaults:4 | Noticed a lich
 76655 | Vaults:4 | Killed a lich
 76655 | Vaults:4 | Reached skill level 17 in Spellcasting
 77088 | Vaults:4 | Noticed a lich
 77098 | Vaults:4 | Killed a lich
 77926 | Elf:1    | Entered Level 1 of the Elven Halls
 78295 | Elf:1    | Noticed Jorgrun
 78309 | Elf:1    | Killed Jorgrun
 78617 | Elf:1    | Reached XP level 20. HP: 151/158 MP: 41/41
 79288 | Elf:1    | Got a twitching granite ring
 79291 | Elf:1    | Identified the ring "Xuis" {Wiz rF+ rC+ Dex+2 Slay+2} (You
                  | found it on level 1 of the Elven Halls)
 79782 | Elf:1    | Identified the Almanac of the Arsonist
 81186 | Elf:2    | Reached skill level 18 in Spellcasting
 81210 | Elf:2    | Found a huge runed translucent gate.
 81210 | Elf:2    | Found a huge runed translucent gate.
 81210 | Elf:2    | Found a huge runed translucent gate.
 81210 | Elf:2    | Found a huge runed translucent gate.
 81211 | Elf:2    | Found a huge runed translucent gate.
 82471 | Elf:3    | Entered Level 3 of the Elven Halls
 85151 | Elf:3    | Reached skill level 19 in Spellcasting
 85563 | Elf:3    | Identified the cursed +3 mace "Test" {chaos, Stlth+}
 86124 | Elf:3    | Identified the ring "Qevopto" {rF+ rN+ Int+3}
 86226 | Elf:3    | Learned a level 8 spell: Ignition
 86440 | Elf:3    | Identified the ring "Ruun" {Wiz Str+3 Dex+4}
 86621 | Elf:3    | Identified the +8 dagger of the Final Decision {venom,
                  | Str+4}
 86715 | Elf:3    | Reached XP level 21. HP: 165/165 MP: 30/44
 86953 | Elf:3    | Noticed Aizul
 87038 | Elf:3    | Got a coiled amber ring
 87039 | Elf:3    | Identified the ring of Ponkus {MR+ AC+5 Int+3} (You found
                  | it on level 3 of the Elven Halls)
 87177 | Elf:3    | Identified the ring "Mytuoch" {MR- AC+5 Str+2 SInv}
 87236 | Elf:3    | Killed Aizul
 87775 | Snake:2  | Bought a scroll of amnesia for 49 gold pieces
 87782 | Snake:2  | Learned a level 5 spell: Borgnjor's Vile Clutch
 88029 | Shoals:4 | Reached skill level 20 in Spellcasting
 88399 | Shoals:4 | Found the +7 captain's cutlass {speed, disarm}
 88710 | Shoals:4 | Found Unleox's Magic Scroll Boutique.
 88718 | Shoals:4 | Bought a scroll of fog for 22 gold pieces
 89842 | Depths:1 | Entered Level 1 of the Depths
 90386 | Depths:1 | Found a gateway to a ziggurat.
 90593 | Depths:1 | Found a gateway to Hell.
 91242 | Depths:2 | Found a hide-covered altar of Uskayaw.
 91242 | Depths:2 | Noticed a caustic shrike
 91242 | Depths:2 | Noticed a caustic shrike
 92292 | Depths:2 | Found a runed translucent door.
 92293 | Depths:2 | Noticed xzight's ghost (legendary MiBe)
 92549 | Depths:2 | Found Veluo's Distillery.
 92868 | Depths:2 | Found a one-way gate to the infinite horrors of the Abyss.
 92939 | Depths:2 | Reached skill level 15 in Fire Magic
 93642 | Shoals:4 | Got a barnacled rune of Zot
 94091 | Depths:3 | Reached XP level 22. HP: 154/172 MP: 7/46
 94373 | Depths:3 | Found a one-way gate leading to the halls of Pandemonium.
 94373 | Depths:3 | Found a bloodstained altar of Trog.
 95253 | Depths:3 | Noticed Asterion
 95271 | Depths:3 | Killed Asterion
 95524 | Depths:3 | Got a scintillating golden amulet
 95525 | Depths:3 | Identified the amulet "Ciplotaa" {RegenMP *Contam +Inv rN+
                  | MR++} (You found it on level 3 of the Depths)
 96136 | Depths:3 | Reached skill level 21 in Spellcasting
 96301 | Depths:3 | Identified the cursed +6 giant club "Plog" {chaos, +Fly
                  | rPois Int-4}
 96301 | Depths:3 | Identified the +3 giant club "Geug" {freeze, rElec rF+ rC-}
 96483 | Depths:3 | Identified the +3 faerie dragon scales {rF- MR+ rCorr SInv}
 96483 | Depths:3 | Noticed the Enchantress
 96485 | Depths:3 | Killed the Enchantress
 96503 | Depths:3 | Identified the +0 cloak "Bile" {rElec} (You found it on
                  | level 3 of the Depths)
 98042 | Depths:4 | Reached skill level 15 in Fighting
 98243 | Depths:4 | Found a runed translucent door.
 98405 | Depths:4 | Noticed a golden dragon
 98425 | Depths:4 | Killed a golden dragon
 98473 | Depths:4 | Noticed a golden dragon
 98479 | Depths:4 | Killed a golden dragon
 98535 | Depths:4 | Noticed a golden dragon
 98540 | Depths:4 | Killed a golden dragon
 98540 | Depths:4 | Reached skill level 22 in Spellcasting
 98608 | Depths:4 | Learned a level 7 spell: Ring of Flames
 98624 | Depths:4 | Noticed a golden dragon
 98636 | Depths:4 | Killed a golden dragon
 98651 | Depths:4 | Reached XP level 23. HP: 177/181 MP: 25/49
 98723 | Depths:4 | Got a serpentine wooden ring
 98936 | Depths:5 | Entered Level 5 of the Depths
 99827 | Depths:5 | Noticed a juggernaut
 99837 | Depths:5 | Identified the ring "Vaoxebatt" {Str+4 Dex+3} (You found it
                  | on level 4 of the Depths)
 99893 | Depths:5 | Noticed a juggernaut
 99905 | Depths:5 | Killed a juggernaut
 99909 | Depths:5 | Killed a juggernaut
100204 | Depths:5 | Learned a level 2 spell: Swiftness
100805 | Depths:5 | Found a portal to a secret trove of treasure.
100911 | Depths:5 | Found a gate to the Realm of Zot.
101127 | Depths:3 | Killed a caustic shrike
101135 | Depths:3 | Killed a caustic shrike
101392 | Depths:2 | Reached skill level 10 in Charms
101569 | Depths:2 | Noticed a caustic shrike
101576 | Depths:2 | Killed a caustic shrike
101970 | Crypt:1  | Entered Level 1 of the Crypt
102609 | Crypt:1  | Reached skill level 23 in Spellcasting
103354 | Crypt:2  | Upgraded the game from 0.24-a0-368-g0e0cebd to
                  | 0.24-a0-370-g78e9d4e
103573 | Crypt:2  | Noticed Frederick
103578 | Crypt:2  | Killed Frederick
103778 | Crypt:2  | Reached XP level 24. HP: 189/189 MP: 40/50
104271 | Crypt:3  | Entered Level 3 of the Crypt
105310 | Crypt:3  | Found a staircase to the Tomb.
105625 | Crypt:3  | Learned a level 7 spell: Spellforged Servitor
105834 | Crypt:3  | Reached skill level 1 in Summonings
106065 | Crypt:3  | Noticed an ancient lich
106069 | Crypt:3  | Killed an ancient lich
106070 | Crypt:3  | Found an ancient bone altar of Kikubaaqudgha.
106544 | Slime:1  | Entered Level 1 of the Pits of Slime
106795 | Slime:2  | Noticed Dissolution
106800 | Slime:2  | Killed Dissolution
107158 | Slime:3  | Reached skill level 15 in Maces & Flails
107362 | Slime:4  | Reached skill level 5 in Summonings
107632 | Slime:5  | Entered Level 5 of the Pits of Slime
108221 | Slime:5  | Reached skill level 24 in Spellcasting
109874 | Slime:5  | Found a viscous altar of Jiyva.
109889 | Slime:5  | Noticed the Royal Jelly
109894 | Slime:5  | Killed the Royal Jelly
109894 | Slime:5  | Reached XP level 25. HP: 197/197 MP: 31/51
110043 | Slime:5  | Got a slimy rune of Zot
110045 | Slime:5  | Got a glittering marble ring
110046 | Slime:5  | Identified the ring "Lecin" {rF+ MR+ Int-2 Dex+4} (You
                  | found it on level 5 of the Pits of Slime)
110067 | Slime:5  | Got a flickering bronze ring
110068 | Slime:5  | Identified the ring "Bathrey" {rPois Int+2 Dex+2 Slay-3}
                  | (You found it on level 5 of the Pits of Slime)
110650 | Zot:1    | Entered Level 1 of the Realm of Zot
110651 | Zot:1    | Found a transporter.
110653 | Zot:1    | Noticed an orb of fire
110697 | Zot:1    | Found a transporter.
110859 | Zot:1    | Upgraded the game from 0.24-a0-370-g78e9d4e to
                  | 0.24-a0-372-g9fa3ae0
111996 | Zot:1    | Found a sacrificial altar of Ru.
112210 | Zot:2    | Learned a level 6 spell: Shadow Creatures
112217 | Zot:2    | Reached skill level 10 in Summonings
112563 | Zot:2    | Reached skill level 25 in Spellcasting
113282 | Zot:2    | You fall into a shaft and drop 2 floors!
114278 | Zot:3    | Identified the +4 dragonskin cloak
114278 | Zot:3    | Noticed Tiamat
114328 | Zot:3    | Noticed an orb of fire
114355 | Zot:3    | Noticed a Killer Klown
114943 | Zot:3    | Reached skill level 26 in Spellcasting
115055 | Zot:3    | Gained mutation: You are strongly in touch with the powers
                  | of death. [Mummy growth]
115055 | Zot:3    | Reached XP level 26. HP: 206/206 MP: 43/53
115699 | Zot:3    | Identified the +0 helmet "Alesiogi" {Str+2} (You found it
                  | on level 3 of the Realm of Zot)
116833 | Zot:5    | Entered Level 5 of the Realm of Zot
117497 | Zot:5    | Noticed an ancient lich
117507 | Zot:5    | Noticed an orb of fire
117564 | Zot:5    | Noticed an orb of fire
117584 | Zot:5    | Killed an ancient lich
117585 | Zot:5    | Noticed an ancient lich
117960 | Zot:5    | Noticed an orb of fire
118085 | Zot:5    | Noticed an orb of fire
118106 | Zot:5    | Noticed an orb of fire
118224 | Zot:5    | Noticed an ancient lich
118230 | Zot:5    | Noticed an ancient lich
118265 | Zot:5    | Got the Orb of Zot
118311 | Zot:5    | Noticed Tipteumm the pandemonium lord
118336 | Zot:5    | Noticed Noubiwoq the pandemonium lord
118338 | Zot:5    | Killed Tipteumm the pandemonium lord
118346 | Zot:5    | Killed Noubiwoq the pandemonium lord
118420 | Zot:4    | Noticed Ymipuin the pandemonium lord
118549 | Depths:5 | Noticed Jual Awo the pandemonium lord
119123 | D:$      | Escaped with the Orb!

Levels and vault maps discovered:
D:1:      lemuel_arrival_river_passageway, layout_rooms
D:2:      layout_rooms, first_ration
D:3:      layout_loops_ring, nicolae_overflow_hidden_temple,
          chequers_ecumenical_altar_simple_redux, serial_glass, glass_columns_b,
          glass_columns_a
D:4:      layout_basic, elyvilon_altar_5, uniq_edmund
D:5:      layout_basic, minmay_temple_entry_statues, uniq_sigmund
D:6:      layout_rooms
D:7:      layout_cave_pods
D:8:      kennysheep_windowed_halls, layout_basic, uniq_grum, uniq_joseph,
          uniq_erica
D:9:      layout_basic, minmay_orc_entry_temple_small
D:10:     layout_cave_pools, grunt_lair_entry_orc_guard_hut
D:11:     layout_loops_ring, serial_shops, nicolae_shop_behind_doors,
          enter_bailey_8, the_bakery
D:12:     layout_long_grid, basic_altar, nemelex_diamond_rough_becter,
          uniq_fannar
D:13:     layout_roguey, david_vaults_2, uniq_kirke, uniq_frances, uniq_nessos
D:14:     minmay_octagon_keep, layout_irregular_city,
          chequers_serial_rivers_micro_e, ebering_ghost_disaster_area,
          basic_altar
D:15:     grunt_enter_depths_giant_problem, layout_irregular_city, minivault_25
Temple:   nicolae_temple_the_god_donut
Lair:1:   layout_big_grid, serial_rivers, chequers_serial_rivers_marsh,
          chequers_serial_rivers_micro_c, chequers_serial_rivers_micro_a,
          chequers_serial_rivers_room_a, chequers_serial_rivers_micro_e,
          chequers_serial_rivers_room_b, uniq_sonja
Lair:2:   layout_gridlike, enter_volcano_1
Lair:3:   layout_cave_pods, minmay_shoals_entry_beasts, serial_bayou_shore_b,
          grunt_megastairs_1, uniq_rupert
Lair:4:   layout_roguey, guppyfry_snake_entry_garden, eino_house_with_fridge
Lair:5:   layout_cave_pods, slime_altar_1
Lair:6:   minmay_lair_end_frog_pond, layout_long_grid, serial_bayou,
          serial_bayou_crossing, serial_bayou_pond_d, serial_bayou_ford_a,
          serial_bayou_lake_a, st_stairs_6
Shoals:1: layout_shoals
Shoals:2: layout_shoals, serial_shops, shop, shop,
          nicolae_shoals_arrival_archipelago
Shoals:3: layout_shoals, uniq_bai_suzhen
Shoals:4: shoals_end_simple, layout_shoals, serial_shops, nicolae_shop_trees,
          nicolae_shoals_cliffside_cave, nicolae_shoals_siren_and_animal_friends
Snake:1:  layout_grid_shapes, uniq_roxanne
Snake:2:  layout_misc_corridors, grunt_megastairs_3, minmay_shoptagon
Snake:3:  layout_chambers, nicolae_alphabet_shops, serial_bayou_shore_a
Snake:4:  grunt_snake_rune_pools, layout_basic
Slime:1:  layout_caves
Slime:2:  layout_caves, uniq_dissolution
Slime:3:  layout_caves
Slime:4:  layout_caves
Slime:5
Orc:1:    layout_caves, basic_altar, uniq_harold, uniq_urug, uniq_josephine
Orc:2:    st_orc_mages, layout_caves, serial_shops, shop,
          nicolae_orc_flooded_monolith
Elf:1:    eino_elf_arrival_customs, layout_geoelf_diagonals, evilmike_minifort,
          hangedman_research_pyrotechnics, uniq_jorgrun
Elf:2:    layout_geoelf_grid
Elf:3:    minmay_elf_hall_spiked, layout_onion_city, minmay_misc_feat_cross,
          statue_in_the_mist_lemuel, laboratory, uniq_aizul
Vaults:1: v_pattern_5, v_alt_pattern_2, nicolae_vaults_specimen_jars, v_misc_27,
          grunt_vaults_twisty, vaults_dpeg_hooks, v_misc_30,
          nicolae_vaults_display_case, nicolae_vaults_little_squares_4,
          vaults_room_pools, layout_vaults_chaotic_city, serial_shops,
          bzr_in_the_mist, nicolae_shop_behind_doors, shop, nicolae_shop_trees,
          nicolae_shop_trees
Vaults:2: nicolae_vaults_network_barrier, minmay_crypt_entry_necro_gods,
          nicolae_vaults_network_square, nicolae_vaults_border_crossing,
          vaults_room_guarded_vault, v_misc_17, vaults_room_corners,
          ontoclasm_vaults_gateway, v_misc_9, layout_vaults_omnigrid,
          serial_shops, shop
Vaults:3: vaults_mumra_hexcomb, hangedman_vaults_variations,
          vaults_room_semicircle, hangedman_vaults_locks, st_star,
          ontoclasm_vaults_idyll, v_alt_pattern_6, vaults_room_fours,
          hangedman_vaults_slice, nicolae_vaults_theta, vaults_room_grid,
          layout_vaults_ring
Vaults:4: vaults_room_grid, vaults_dpeg_spiral, ontoclasm_vaults_pinch,
          vaults_room_ringed_pool, ontoclasm_vaults_misaligned,
          nicolae_vaults_big_ls, vaults_room_fancy_cross, hangedman_vaults_maws,
          v_alt_pattern_6, v_misc_10, nicolae_vaults_network_periphery,
          vaults_room_hallway, st_more_cells, ontoclasm_vaults_idyll,
          layout_vaults_omnibox, serial_shops,
          nicolae_shop_temple_entry_statues_fountains
Crypt:1:  layout_misc_corridors, grunt_ministairs_11
Crypt:2:  layout_gridlike, uniq_frederick
Crypt:3:  cryptofortress_bobbens
Depths:1: layout_cave_shapes, enter_ziggurat_e, corexii_hall_statues_u,
          lightli_too_deep, kennysheep_generic_room_9
Depths:2: regret_index_uskayaw_diablada_macabre, layout_gridville,
          gammafunk_ghost_grave, serial_shops, nicolae_shop_stone, hell_entry,
          abyss_entry, infiniplex_staircase_pool_2
Depths:3: spriggan_forest, pan_entry, abyss_entry, hell_entry, uniq_enchantress,
          uniq_asterion
Depths:4: minmay_the_grid_triangle_9x9_recursive_3
          [minmay_the_grid_triangle_9x9_limited_checkers,
          minmay_the_grid_triangle_9x9_subtriangle,
          minmay_the_grid_triangle_9x9_corrupted_corridor,
          minmay_the_grid_triangle_9x9_prize_top_heavy,
          minmay_the_grid_triangle_9x9_pentomino_pain,
          minmay_the_grid_triangle_9x9_from_above,
          minmay_the_grid_triangle_9x9_odd_lines,
          minmay_the_grid_triangle_9x9_windchime,
          minmay_the_grid_triangle_9x9_dagger], layout_cave_shapes, abyss_entry,
          chequers_decorated_corner, hellmouth_1, lemuel_nasty_fountain,
          infiniplex_staircase_zigzag_2
Depths:5: grunt_zot_entry_funnels, layout_basic, abyss_entry_small_statue_room,
          pf_coc_iceberg, minmay_door_square, enter_trove_3
Zot:1:    gammafunk_the_bubble [the_bubble_gammafunk_plus_minus],
          layout_twisted_circle, basic_altar
Zot:2:    lemuel_halls_of_wrath, layout_onion
Zot:3:    layout_basic, uniq_tiamat
Zot:4:    kennysheep_blocky_hall, layout_onion_interference, lemuel_elevator
Zot:5:    layout_gridlike, hangedman_zot_decor_scrapings

Skill      XL: |  1  2  3  4  5  6  7  8  9 10 11 12 13 14 15 16 17 18 19 20 21 22 23 24 25 26 |
---------------+-------------------------------------------------------------------------------+-----
Conjurations   | 1 2 3 4 5 6 8 9 10 12 15 | 15.0
Fighting       | 1 2 4 5 6 7 9 10 11 12 13 14 15 16 17 | 17.4
Spellcasting   | 5 7 9 10 12 14 16 17 19 20 22 23 24 26 | 26.9
Maces & Flails | 2 3 5 6 7 8 9 10 11 12 13 14 15 | 15.0
Dodging        | 3 4 5 6 7 8 9 |  9.8
Necromancy     | 4 5 10 | 10.0
Hexes          | 3 5 6 8 10 | 10.0
Fire Magic     | 2 6 8 10 12 15 | 15.0
Armour         | 4 6 7 |  7.0
Charms         | 3 5 7 10 | 10.0
Air Magic      | 3 5 |  5.0
Summonings     | 7 10 | 10.0
Stealth        | |  1.5
Translocations | |  0.7

Action                   |  1- 3 |  4- 6 |  7- 9 | 10-12 | 13-15 | 16-18 | 19-21 | 22-24 | 25-27 || total
-------------------------+-------+-------+-------+-------+-------+-------+-------+-------+-------++-------
Melee: Whip              |     1 |    13 |       |       |       |       |       |       |       ||    14
       Dire flail        |       |       |   135 |   470 |   732 |       |       |       |       ||  1337
       Great mace        |       |       |       |       |   379 |   391 |   229 |   375 |   115 ||  1489
Throw: Javelin           |       |     3 |       |       |       |       |       |       |       ||     3
       Dart              |       |       |       |     4 |     6 |       |       |       |       ||    10
 Cast: Magic Dart        |   114 |   108 |   344 |   389 |   222 |    13 |       |       |       ||  1190
       Mephitic Cloud    |     1 |    10 |    26 |    45 |    60 |     4 |       |       |       ||   146
       Blink             |       |     4 |     1 |     1 |    10 |     4 |     1 |     2 |     1 ||    24
       Conjure Flame     |       |     2 |    18 |    73 |   105 |    38 |     5 |     3 |       ||   244
       Confuse           |       |       |       |    37 |   189 |    75 |    34 |    20 |     2 ||   357
       Vampiric Draining |       |       |       |     8 |    32 |    26 |    14 |     6 |       ||    86
       Fireball          |       |       |       |    16 |    46 |    17 |     9 |       |       ||    88
       Tukima's Dance    |       |       |       |    10 |   114 |   137 |    87 |    30 |     8 ||   386
       Ignite Poison     |       |       |       |     3 |    14 |     1 |       |       |       ||    18
       Sticky Flame      |       |       |       |       |    12 |    17 |       |       |       ||    29
       Confusing Touch   |       |       |       |       |     4 |     8 |     1 |     1 |       ||    14
       Bolt of Fire      |       |       |       |       |    39 |   371 |   129 |   142 |    42 ||   723
       Throw Icicle      |       |       |       |       |    12 |       |       |       |       ||    12
       Orb of Destructio |       |       |       |       |       |    82 |   352 |   183 |   115 ||   732
       Dispel Undead     |       |       |       |       |       |     6 |    41 |   160 |    12 ||   219
       Deflect Missiles  |       |       |       |       |       |     1 |     9 |     4 |     6 ||    20
       Apportation       |       |       |       |       |       |     1 |   148 |   204 |   117 ||   470
       Silence           |       |       |       |       |       |       |     1 |       |       ||     1
       Borgnjor's Vile C |       |       |       |       |       |       |    24 |    67 |    32 ||   123
       Ignition          |       |       |       |       |       |       |     3 |     2 |     2 ||     7
       Ring of Flames    |       |       |       |       |       |       |       |    29 |     3 ||    32
       Spellforged Servi |       |       |       |       |       |       |       |    35 |    26 ||    61
       Shadow Creatures  |       |       |       |       |       |       |       |       |    23 ||    23
       Swiftness         |       |       |       |       |       |       |       |       |     1 ||     1
Invok: Potion Petition   |       |       |       |     1 |     2 |     1 |       |       |     4 ||     8
       Bribe Branch      |       |       |       |       |       |       |       |       |     7 ||     7
 Abil: Evoke Flight      |       |       |       |       |       |       |     5 |       |     1 ||     6
       Stop Flying       |       |       |       |       |       |       |     2 |       |       ||     2
Evoke: Wand              |       |       |     4 |     5 |     2 |       |       |       |     1 ||    12
  Use: Scroll            |     7 |     6 |     6 |     9 |     9 |    14 |    14 |    11 |    18 ||    94
 Stab: Confused          |       |       |     6 |    26 |    66 |     8 |     7 |     9 |       ||   122
       Sleeping          |       |       |       |     2 |       |       |       |       |       ||     2
       Paralysed         |       |       |       |    13 |       |       |       |       |       ||    13
       Invisible         |       |       |       |     2 |       |       |       |       |       ||     2
       Distracted        |       |       |       |       |     1 |     7 |       |     1 |     6 ||    15
Armor: Robe              |     5 |    18 |    61 |   120 |    63 |       |       |       |       ||   267
       Ring mail         |       |       |       |       |   408 |   234 |   171 |   327 |   118 ||  1258
Dodge: Dodged            |    23 |    44 |   103 |   272 |   703 |   359 |   202 |   261 |   140 ||  2107
       Deflected         |       |       |     7 |    18 |     4 |    26 |    71 |    52 |    40 ||   218
Block: Other             |       |       |       |    19 |   147 |    66 |    27 |       |       ||   259
       Reflection        |       |       |       |       |    16 |    14 |     8 |       |       ||    38

Table legend:
 A = Non-vault XP
 B = Vault XP
 C = Vault XP percentage of total XP
 D = Non-vault monster count
 E = Vault monster count
 F = Vault count percentage of total count
                 A         B        C        D         E       F
            +---------+---------+-------+---------+---------+-------
      Total |  749235 |  642186 |  46.2 |    1525 |     816 |  34.9
            +---------+---------+-------+---------+---------+-------
        D:1 |      22 |       0 |   0.0 |      17 |       0 |   0.0
        D:2 |      83 |       0 |   0.0 |      24 |       0 |   0.0
        D:3 |      76 |       0 |   0.0 |      15 |       0 |   0.0
        D:4 |     464 |     153 |  24.8 |      22 |       1 |   4.3
        D:5 |     842 |     197 |  19.0 |      29 |       1 |   3.3
        D:6 |     596 |       0 |   0.0 |      22 |       0 |   0.0
        D:7 |     493 |       0 |   0.0 |      13 |       0 |   0.0
        D:8 |     783 |    1679 |  68.2 |      17 |      11 |  39.3
        D:9 |    4648 |    1447 |  23.7 |      46 |      14 |  23.3
       D:10 |    3584 |     497 |  12.2 |      25 |       4 |  13.8
       D:11 |    2350 |     716 |  23.4 |      30 |       2 |   6.2
       D:12 |    6138 |    6683 |  52.1 |      23 |       7 |  23.3
       D:13 |    9027 |    2248 |  19.9 |      48 |       1 |   2.0
       D:14 |    8345 |    2855 |  25.5 |      27 |       9 |  25.0
       D:15 |   14742 |    1835 |  11.1 |      30 |       1 |   3.2
     Lair:1 |    1259 |     802 |  38.9 |       8 |       1 |  11.1
     Lair:2 |    5278 |     372 |   6.6 |      20 |       1 |   4.8
     Lair:3 |    1714 |    4272 |  71.4 |       9 |       5 |  35.7
     Lair:4 |    6866 |    1127 |  14.1 |      24 |      14 |  36.8
     Lair:5 |    6831 |    2884 |  29.7 |      22 |       7 |  24.1
     Lair:6 |    9273 |    9676 |  51.1 |      30 |      41 |  57.7
   Shoals:1 |    4973 |       0 |   0.0 |      12 |       0 |   0.0
   Shoals:2 |   12920 |       0 |   0.0 |      27 |       0 |   0.0
   Shoals:3 |    8853 |    5204 |  37.0 |      23 |       1 |   4.2
   Shoals:4 |    9466 |   27556 |  74.4 |      20 |      44 |  68.8
    Snake:1 |   12960 |       0 |   0.0 |      25 |       0 |   0.0
    Snake:2 |   15405 |    1619 |   9.5 |      29 |       2 |   6.5
    Snake:3 |   21886 |    1809 |   7.6 |      42 |       2 |   4.5
    Snake:4 |   17879 |   37222 |  67.6 |      37 |      55 |  59.8
    Slime:1 |    2721 |       0 |   0.0 |       7 |       0 |   0.0
    Slime:2 |   14215 |   10613 |  42.7 |      21 |       1 |   4.5
    Slime:3 |   14593 |       0 |   0.0 |      33 |       0 |   0.0
    Slime:4 |   11618 |       0 |   0.0 |      28 |       0 |   0.0
    Slime:5 |   10272 |   26769 |  72.3 |      39 |      14 |  26.4
      Orc:1 |    2859 |    2984 |  51.1 |      39 |       7 |  15.2
      Orc:2 |    4158 |    4700 |  53.1 |      46 |      40 |  46.5
      Elf:1 |    5959 |   19421 |  76.5 |      10 |      29 |  74.4
      Elf:2 |    8761 |   20898 |  70.5 |      14 |      27 |  65.9
      Elf:3 |   24113 |   51858 |  68.3 |      40 |      45 |  52.9
   Vaults:1 |   10967 |   15529 |  58.6 |      18 |      23 |  56.1
   Vaults:2 |   40222 |   24346 |  37.7 |      73 |      36 |  33.0
   Vaults:3 |    5809 |   25236 |  81.3 |      14 |      30 |  68.2
   Vaults:4 |   30870 |   34683 |  52.9 |      41 |      43 |  51.2
    Crypt:1 |   26465 |     634 |   2.3 |      55 |       1 |   1.8
    Crypt:2 |   13383 |    5064 |  27.5 |      22 |       1 |   4.3
    Crypt:3 |       0 |   63425 | 100.0 |       0 |      81 | 100.0
   Depths:1 |   23025 |    5045 |  18.0 |      36 |       4 |  10.0
   Depths:2 |   42408 |   21408 |  33.5 |      54 |       9 |  14.3
   Depths:3 |    6424 |   77349 |  92.3 |      16 |     104 |  86.7
   Depths:4 |   32532 |   46382 |  58.8 |      34 |      28 |  45.2
   Depths:5 |   37015 |   26464 |  41.7 |      25 |      16 |  39.0
      Zot:1 |   56144 |       0 |   0.0 |      45 |       0 |   0.0
      Zot:2 |   65818 |   14575 |  18.1 |      35 |      26 |  42.6
      Zot:3 |   20863 |    4709 |  18.4 |      15 |       8 |  34.8
      Zot:4 |   31721 |    5249 |  14.2 |      30 |       4 |  11.8
      Zot:5 |   18544 |   23992 |  56.4 |      19 |      15 |  44.1
            +---------+---------+-------+---------+---------+-------
